 Dungeon Crawl Stone Soup version 0.31-a0-489-g282fc92437 (console) character file.

Game seed: 6730578049769917802

148 Lexodia the Trooper (level 5, -4/54 HPs)
             Began as an Ogre Warper on Aug 8, 2023.
             Slain by a river rat (5 damage)
             ... on level 3 of the Dungeon.
             The game lasted 00:05:12 (2833 turns).

Lexodia the Trooper (Ogre Warper)                   Turns: 2833, Time: 00:05:13

Health: -4/54      AC:  3    Str: 15    XL:     5   Next: 30%
Magic:  10/10      EV: 10    Int: 16    God:
Gold:   103        SH:  0    Dex: 14    Spells: 9/11 levels left

rFire   + . .        t - +9 rapier of Dismay {heavy, rF+}
rCold   . . .        (no shield)
rNeg    . . .        b - +0 robe
rPois   .            (helmet restricted)
rElec   .            (no cloak)
rCorr   .            (gloves unavailable)
SInv    .            (boots unavailable)
Will    .....        (no amulet)
Stlth   +            w - +6 ring of dexterity
HPRegen 0.29/turn    (no ring)
MPRegen 0.12/turn

%: no passive effects
@: no status effects
A: large, unfitting armour, tough skin 1
a: no special abilities


You were on level 3 of the Dungeon.
You visited 1 branch of the dungeon, and saw 3 of its levels.

You collected 103 gold pieces.

Inventory:

Hand Weapons
 a - a +0 mace
 q - a +0 whip
 r - a +0 flail
 t - the +9 rapier of Dismay (weapon) {heavy, rF+}
   (You found it on level 3 of the Dungeon)

   rF:        It protects you from fire.
Missiles
 d - 7 darts of dispersal (quivered)
 s - 2 boomerangs
Armour
 b - a +0 robe (worn)
Jewellery
 w - a +6 ring of dexterity (left hand)
Scrolls
 c - a scroll of blinking
 e - a scroll of butterflies {unknown}
 g - a scroll of enchant armour {unknown}
 i - a scroll of identify {unknown}
 j - a scroll of amnesia {unknown}
 k - a scroll of teleportation {unknown}
 l - a scroll of fear {unknown}
 n - 3 scrolls of poison {unknown}
 u - a scroll of brand weapon {unknown}
Potions
 f - a potion of mutation {unknown}
 h - a potion of cancellation {unknown}
 m - a potion of attraction {unknown}
 o - 2 potions of curing {unknown}
 p - 2 potions of ambrosia {unknown}
 v - a potion of degeneration {unknown}


   Skills:
 + Level 4.1 Fighting
 + Level 0.8 Short Blades
 - Level 2.5 Maces & Flails
 - Level 1.0 Throwing
 - Level 2.1 Dodging
 + Level 3.6 Spellcasting
 + Level 3.4 Translocations


You had 9 spell levels left.
You knew the following spells:

 Your Spells              Type           Power      Damage    Failure   Level
a - Blink                 Tloc           28%        N/A       6%          2

Your spell library contained the following spells:

 Spells                   Type           Power      Damage    Failure   Level
 Apportation              Tloc           28%        N/A       4%          1
 Lesser Beckoning         Tloc           28%        N/A       6%          2
 Teleport Other           Tloc           14%        N/A       13%         3
 Cigotuvi's Dreadful Rot  Necr/Pois/Air  4%         N/A       26%         2
 Vhi's Electric Charge    Tloc/Air       16%        N/A       26%         3
 Manifold Assault         Tloc           14%        N/A       38%         4
 Ignite Poison            Fire/Tmut/Pois 2%         N/A       47%         3
 Alistair's Intoxication  Tmut/Pois      1%         N/A       99%         5
 Freezing Cloud           Conj/Ice/Air   1%         6-21      99%         5


Dungeon Overview and Level Annotations

Branches:
Dungeon (3/15)

Altars:
Elyvilon
Makhleb
Zin
The Shining One

Shops:
D:1 =   D:2 :


Innate Abilities, Weirdness & Mutations

You are too large for most types of armour.
You have tough skin. (AC +1)


Message History

You enter the shallow water.
You feel sick.
An adder comes into view.
You puncture the worm!
The worm is almost dead.
You feel sick. The worm bites you.
Damage: -11%(-6hp) hp: 73%(39hp)
You feel sick.
You are no longer poisoned.
The worm barely misses you.
Damage: -2%(-1hp) hp: 71%(38hp)
You puncture the worm!
You kill the worm!
The adder bites you.
Damage: -4%(-2hp) hp: 67%(36hp)
You enter the shallow water.
The adder bites you but does no damage. The river rat barely misses you.
You see here a worm corpse.
The adder bites you. The worm bites you! The adder closely misses you.
The river rat barely misses you.
Huge Dmg: -20%(-11hp) hp: 47%(25hp)
You hit the adder.
The adder is moderately wounded.
The adder closely misses you. The river rat bites you. The adder bites you.
The worm bites you.
* * * LOW HITPOINT WARNING * * *
Huge Dmg: -24%(-13hp) hp: 23%(12hp)
You puncture the adder!
You kill the adder!
The river rat misses you. The river rat barely misses you. The worm bites you.
* * * LOW HITPOINT WARNING * * *
Huge Dmg: -8%(-4hp) hp: 15%(8hp)
You completely miss the worm. The river rat bites you.
* * * LOW HITPOINT WARNING * * *
The worm bites you!
* * * LOW HITPOINT WARNING * * *
The river rat barely misses you.
Huge Dmg: -13%(-7hp) hp: 2%(1hp)
You closely miss the river rat. The river rat barely misses you.
The worm bites you but does no damage. The river rat bites you.
You die...

~~ ..... #~#~...
#~#~..#+#
#~~~~.#.#
#~#~....#
#~~~..#.#####
#~#......#...
#~r~w..[....
#~†@.....#
#####....##
♣♣♣♣♣♣♣.........#
♣♣.....♣♣###....##
♣..._...♣ ##.#.#
♣._..._.♣ ###.#
♣...⌠...♣ #.#
♣.....♣ #.#
#♣♣...♣♣ #.#


You could see a worm and a river rat.

Vanquished Creatures
  An orc wizard (D:3)
  5 adders
  2 worms (D:3)
  3 dart slugs
  8 orcs (D:3)
  4 ball pythons
  4 endoplasms (D:1)
  5 goblins
  5 hobgoblins
  6 jackals
  3 quokkas
  2 bats (D:1)
  6 kobolds
  5 rats
59 creatures vanquished.

Notes
Turn   | Place    | Note
-------+----------+-------------------------------------------
     0 | D:1      | Lexodia the Ogre Warper began the quest for the Orb.
     0 | D:1      | Reached XP level 1. HP: 22/22 MP: 3/3
   145 | D:1      | Huge Dmg: 4 dmg
   146 | D:1      | Huge Dmg: 4 dmg
   240 | D:1      | Reached XP level 2. HP: 22/29 MP: 5/5
   292 | D:1      | Reached skill level 3 in Fighting
   295 | D:1      | Learned a level 2 spell: Blink
   322 | D:1      | Found Waucuxue's Jewellery Boutique.
   660 | D:1      | Reached XP level 3. HP: 32/37 MP: 7/7
  1190 | D:2      | Found Dorubio's Vocational Training.
  1548 | D:2      | Found a burning altar of Makhleb.
  1771 | D:2      | Reached XP level 4. HP: 28/46 MP: 8/8
  2004 | D:2      | Huge Dmg: 5 dmg
  2005 | D:2      | Huge Dmg: 4 dmg
  2010 | D:2      | Huge Dmg: 2 dmg
  2507 | D:3      | Identified the +9 rapier of Dismay {heavy, rF+}
  2750 | D:3      | Reached skill level 4 in Fighting
  2750 | D:3      | Reached XP level 5. HP: 49/54 MP: 10/10
  2791 | D:3      | Found a glowing golden altar of the Shining One.
  2792 | D:3      | Found a white marble altar of Elyvilon.
  2792 | D:3      | Found a glowing silver altar of Zin.
  2830 | D:3      | Huge Dmg: 11 dmg
  2831 | D:3      | Huge Dmg: 13 dmg
  2832 | D:3      | Huge Dmg: 4 dmg
  2832 | D:3      | HP: 1/54 [worm (7)]
  2833 | D:3      | Huge Dmg: 7 dmg
  2833 | D:3      | Slain by a river rat

Illustrated notes

Levels and vault maps discovered:
D:1:      shiori_arrival_oz, layout_loops_corners, serial_shops,
          nicolae_shop_just_a_little_nook, minmay_misc_feat_tiny
D:2:      layout_loops_ring, basic_altar, nicolae_shop_vocational
D:3:      layout_loops_corners, good_gods_temple_1, lightli_sewer_entry_pipes,
          pf_guarded_unrand_meek, uniq_terence

Skill      XL: |  1  2  3  4 |
---------------+-------------+-----
Fighting       | 3 4 |  4.1
Maces & Flails | 2 |  2.5
Translocations | 3 |  3.4
Spellcasting   | 3 |  3.6
Short Blades   | |  0.8
Throwing       | |  1.0
Dodging        | |  2.1

Action                     |  1- 3 |  4- 6 || total
---------------------------+-------+-------++-------
  Melee: Mace              |   104 |    26 ||   130
         Punch             |     1 |     2 ||     3
         Whip              |       |    83 ||    83
         Rapier            |       |    22 ||    22
   Cast: Blink             |     1 |       ||     1
 Armour: Robe              |    46 |    36 ||    82
  Dodge: Dodged            |    50 |    79 ||   129

Table legend: (Time is in decaauts)
 A = Elapsed time spent in this place.
 B = Non-inter-level travel time spent in this place.
 C = Inter-level travel time spent in this place.
 D = Time resting spent in this place.
 E = Time spent auto-exploring this place.
 F = Levels seen in this place.
 G = Mean time per level.
                   A        B        C        D        E       F      G
               +--------+--------+--------+--------+--------+-----+--------+
         Total |   2882 |   2684 |    198 |     60 |   2094 |   3 |  960.7 |
       Dungeon |   2882 |   2684 |    198 |     60 |   2094 |   3 |  960.7 |
               +--------+--------+--------+--------+--------+-----+--------+

Top non-repeatable levels by time:
     D:1: 1207 daAuts
     D:2: 1146 daAuts
     D:3: 529 daAuts
